 Dungeon Crawl Stone Soup version 0.27-a0-1525-g1038ab4fd7 (webtiles) character file.

Game seed: 3466491515454338485

51 Sin92 the Skirmisher (level 3, -1/29 HPs)
             Began as a Demonspawn Fighter on July 10, 2021.
             Killed by divine providence
             ... invoked by an orc priest
              (13 damage)
             ... on level 3 of the Dungeon.
             The game lasted 00:04:33 (2231 turns).

Sin92 the Skirmisher (Demonspawn Fighter)           Turns: 2231, Time: 00:04:34

Health: -1/29      AC: 10    Str: 16    XL:     3   Next: 57%
Magic:  3/3        EV:  7    Int:  9    God:
Gold:   47         SH: 13    Dex: 13    Spells: 2/2 levels left

rFire    . . .     SeeInvis .   a - +0 long sword
rCold    . . .     Faith    .   c - +0 kite shield
rNeg     . . .     Spirit   .   b - +0 scale mail
rPois    .         Reflect  .   (no helmet)
rElec    .         Harm     .   (no cloak)
rCorr    +         Rampage  .   (no gloves)
Will     .....                  (no boots)
Stlth    ..........             (no amulet)
HPRegen  0.09/turn              g - ring of resist corrosion
MPRegen  0.08/turn              (no ring)

@: no status effects
A: icemail 1, condensation shield
a: no special abilities


You were on level 3 of the Dungeon.
You visited 1 branch of the dungeon, and saw 3 of its levels.

You collected 47 gold pieces.

Inventory:

Hand Weapons
 a - a +0 long sword (weapon)
Armour
 b - a +0 scale mail (worn)
 c - a +0 kite shield (worn)
Jewellery
 g - a ring of resist corrosion (left hand)
Scrolls
 f - 2 scrolls of enchant weapon
 h - a scroll of noise {unknown}
 i - a scroll of fog {unknown}
Potions
 d - a potion of might
 e - a potion of curing {unknown}


   Skills:
 + Level 3.3 Fighting
 * Level 2.6 Long Blades
 + Level 3.0 Armour
 + Level 0.7 Dodging
 + Level 2.9 Shields


You had 2 spell levels left.
You didn't know any spells.
Your spell library was empty.

Dungeon Overview and Level Annotations

Branches:
Dungeon (3/15)

Altars:
Ru

Shops:
D:1 ?


Innate Abilities, Weirdness & Mutations

A meltable icy envelope protects you from harm. (AC +4)
A meltable shield of frost defends you. (SH +4)


Message History

The orc is severely wounded.
You block the orc's attack. The orc barely misses you.
You riposte.
You slash the orc!
You kill the orc!
You block the orc's attack. The orc hits you but does no damage.
The orc priest hits you with a +0 dagger.
Things that are here:
a +0 club; a +0 leather armour; an orc corpse You closely miss the orc.
The orc hits you but does no damage. The orc hits you with a +0 short sword.
The orc priest hits you with a +0 dagger.
You block the orc's attack.
You hit the orc.
The orc is heavily wounded.
You block the orc's attack.
The orc priest hits you but does no damage.
You block the orc's attack. The orc hits you with a +0 short sword.
The orc priest hits you but does no damage.
You closely miss the orc.
The orc is heavily wounded.
You block the orc's attack. The orc closely misses you.
The orc priest hits you with a +0 dagger.
You block the orc's attack.
You slash the orc!
You kill the orc!
You block the orc priest's attack. The orc hits you but does no damage.
You block the orc priest's attack.
Your Armour skill increases to level 3!
You hit the orc.
The orc is lightly wounded.
The orc hits you but does no damage. You block the orc's attack.
The orc priest hits you but does no damage.
You block the orc's attack. The orc hits you but does no damage.
The orc priest hits you with a +0 dagger.
You hit the orc.
The orc is moderately wounded.
You block the orc's attack. The orc hits you but does no damage.
The orc priest calls down the wrath of Beogh upon you.
Beogh smites you!
You die...

#.. .#.#
#..# .#.#
#... ...#
#...# ...
#.... ..#
#..>#..#
#.ooo# #@#
#.# #.# #.#
#.# #.#
#.#.########
#.#........#
#.########.#


You could see an orc priest and 2 orcs.

Vanquished Creatures
  A dart slug (D:2)
  2 orcs (D:3)
  A ball python (D:3)
  5 endoplasms
  A giant cockroach (D:1)
  3 hobgoblins
  3 quokkas (D:1)
  4 bats (D:1)
  13 frilled lizards
  5 goblins
  3 kobolds
  6 rats
47 creatures vanquished.

Vanquished Creatures (others)
  A demonic plant (D:1)
  7 plants (D:2)
8 creatures vanquished.

Grand Total: 55 creatures vanquished

Notes
Turn   | Place    | Note
-------+----------+-------------------------------------------
     0 | D:1      | Sin92 the Demonspawn Fighter began the quest for the Orb.
     0 | D:1      | Reached XP level 1. HP: 18/18 MP: 1/1
   270 | D:1      | Found Ryghoot's Magic Scroll Boutique.
   493 | D:1      | Found a faded altar of an unknown god.
   493 | D:1      | Noticed a red devil
   499 | D:1      | Gained mutation: A meltable shield of frost defends you.
                  | (SH +4) [demonic ancestry]
   499 | D:1      | Reached XP level 2. HP: 22/24 MP: 2/2
  1458 | D:2      | Gained mutation: A meltable icy envelope protects you from
                  | harm. (AC +4) [demonic ancestry]
  1458 | D:2      | Reached XP level 3. HP: 29/29 MP: 3/3
  2166 | D:3      | Found a sacrificial altar of Ru.
  2231 | D:3      | Killed from afar by an orc priest

Illustrated notes

Levels and vault maps discovered:
D:1:      scummos_arrival_gate, layout_loops_corners,
          dreamdust_ecumenical_altar_sealed_demon, serial_shops, shop
D:2:      layout_basic, minmay_crystal_room, minmay_lizard_king
D:3:      layout_loops_ring, mainiacjoe_overflow_alcove_2, lemuel_doored_altar,
          uniq_grinder

Skill      XL: |  1  2  3 |
---------------+----------+-----
Long Blades    | 2 |  2.6
Armour         | 3 |  3.0
Fighting       | |  3.3
Dodging        | |  0.7
Shields        | |  2.9

Action                   || total
-------------------------++-------
Melee: Long sword        ||   155
  Use: Scroll            ||     2
Armor: Scale mail        ||    72
Dodge: Dodged            ||    50
Block: Kite shield       ||   117
       Rpst.: Long sword ||    12

Table legend: (Time is in decaauts)
 A = Elapsed time spent in this place.
 B = Non-inter-level travel time spent in this place.
 C = Inter-level travel time spent in this place.
 D = Time resting spent in this place.
 E = Time spent auto-exploring this place.
 F = Levels seen in this place.
 G = Mean time per level.
                   A        B        C        D        E       F      G
               +--------+--------+--------+--------+--------+-----+--------+
         Total |   2309 |   2280 |     29 |      0 |   1791 |   3 |  769.7 |
       Dungeon |   2309 |   2280 |     29 |      0 |   1791 |   3 |  769.7 |
               +--------+--------+--------+--------+--------+-----+--------+

Top non-repeatable levels by time:
     D:1: 1257 daAuts
     D:2: 818 daAuts
     D:3: 232 daAuts
